AoeStats
← Ibrahomovic

Black Forest

504563621Analyzed
1v1 RM · 26d ago on Sep 5, 2026· 38m 6s· 2 players
Game mode
Random Map
Map size
Tiny (2 player)
Population
200
Speed
Normal
Resources
Standard
Victory
Conquest
Starting age
Dark Age
Ending age
Imperial Age
RankedLock teamsTeams togetherTeam positionsShared explorationLock speedFull tech treeHidden civsTurbo modeCheats
Victory
Defeat
🇸🇪 Britons · Sweden
1320
+15
🇺🇸 Japanese · United States
1295
-15
ryu
5:28 Loom
9:29 Feudal Age
9:39 Man-at-Arms
11:24 Wheelbarrow
10:55 Arson
10:57 Double-Bit Axe
21:14 Castle Age
19:51 Horse Collar
22:33 Bow Saw
26:32 Imperial Age
25:42 Gold Mining
25:31 Elite Skirmisher
29:17 Fletching
31:56 Hand Cart
32:16 Kataparuto
34:11 Bodkin Arrow
34:44 Ballistics
35:47 Padded Archer Armor
36:57 Scale Mail Armor
Ibrahomovic
11:05 Feudal Age
19:22 Castle Age
17:42 Fletching
18:32 Horse Collar
20:11 Double-Bit Axe
24:28 Bow Saw
25:03 Heavy Plow
25:22 Loom
25:49 Stone Mining
27:46 Wheelbarrow
27:12 Bodkin Arrow
28:42 Hand Cart
33:08 Imperial Age
31:35 Bodkin Arrow
31:41 Padded Archer Armor
32:14 Ballistics
33:40 Scale Mail Armor
33:56 Leather Archer Armor
34:11 Conscription
33:19 Capped Ram
34:25 Gold Mining
34:06 Pikeman
34:46 Squires
35:42 Conscription
35:46 Bracer
35:18 Halberdier
36:55 Hoardings
37:25 Ring Archer Armor
Connection lost

Rejoining the realm…

Still unreachable

The connection could not be restored.

Session expired

The server has moved on; the page needs a fresh start.